 Dungeon Crawl Stone Soup version 0.26.1-11-gd32895ea62 (webtiles) character file.

Game seed: 13886308465531567356

1635 Almogavar the Conjurer (level 8, -5/61 HPs)
             Began as a Gnoll Wanderer on Apr 13, 2021.
             Was a Believer of Okawaru.
             Slain by a troll (6 damage)
             ... on level 5 of the Dungeon.
             The game lasted 00:25:12 (7402 turns).

Almogavar the Conjurer (Gnoll Wanderer)             Turns: 7402, Time: 00:25:12

Health: -5/61      AC:  6    Str: 16    XL:     8   Next: 98%
Magic:  26/26      EV: 14    Int: 14    God:    Okawaru [**....]
Gold:   263        SH:  0    Dex: 16    Spells: 18/19 levels left

rFire    . . .     SeeInvis .   i - +5 glaive (venom)
rCold    . . .     Faith    .   (shield currently unavailable)
rNeg     . . .     Spirit   .   n - +3 leather armour
rPois    .         Reflect  .   (no helmet)
rElec    .         Harm     .   (no cloak)
rCorr    .         Rampage  .   (no gloves)
Will     .....                  (no boots)
Stlth    +++.......             w - amulet of magic regeneration
HPRegen  0.20/turn              (no ring)
MPRegen  0.45/turn              o - ring of magical power

@: invisible
A: distributed training, fangs 1, strong nose
a: Renounce Religion, Heroism


You were on level 5 of the Dungeon.
You worshipped Okawaru.
Okawaru was pleased with you.
You visited 1 branch of the dungeon, and saw 6 of its levels.

You collected 263 gold pieces.

Inventory:

Hand Weapons
 i - a +5 glaive of venom (weapon)
Armour
 h - a +0 chain mail
 n - a +3 leather armour (worn)
Jewellery
 o - a ring of magical power (right hand)
 w - an amulet of magic regeneration (around neck)
Scrolls
 c - 4 scrolls of magic mapping
 l - a scroll of remove curse
 m - 2 scrolls of fear
 p - 2 scrolls of amnesia {unknown}
 r - a scroll of enchant weapon
 s - a scroll of teleportation
 u - a scroll of noise {unknown}
Potions
 b - 3 potions of lignification
 d - a potion of cancellation
 f - a potion of mutation {unknown}
 j - 2 potions of flight
 q - a potion of berserk rage
 v - a potion of heal wounds {unknown}


   Skills:
 + Level 4.6 Fighting
 + Level 3.7 Short Blades
 + Level 3.7 Long Blades
 + Level 3.7 Axes
 + Level 3.7 Maces & Flails
 + Level 6.0 Polearms
 + Level 3.7 Staves
 + Level 3.7 Slings
 + Level 3.7 Bows
 + Level 3.7 Crossbows
 + Level 3.7 Throwing
 + Level 3.7 Armour
 + Level 3.7 Dodging
 + Level 5.6 Stealth
 + Level 3.7 Shields
 + Level 3.7 Unarmed Combat
 + Level 6.3 Spellcasting
 + Level 6.3 Conjurations
 + Level 3.0 Hexes
 + Level 3.0 Summonings
 + Level 3.0 Necromancy
 + Level 3.0 Translocations
 + Level 3.0 Transmutations
 + Level 3.0 Fire Magic
 + Level 3.0 Ice Magic
 + Level 3.0 Air Magic
 + Level 3.0 Earth Magic
 + Level 3.0 Poison Magic
 + Level 4.1 Invocations
 + Level 3.7 Evocations


You had 18 spell levels left.
You knew the following spells:

 Your Spells              Type           Power        Failure   Level
a - Foxfire               Conj/Fire      68%          2%          1

Your spell library contained the following spells:

 Spells                   Type           Power        Failure   Level
 Sandblast                Erth           26%          5%          1
 Conjure Flame            Conj/Fire      17%          8%          3
 Stone Arrow              Conj/Erth      34%          8%          3


Dungeon Overview and Level Annotations

Branches:
Dungeon (6/15)             Temple (0/1) D:5

Altars:
Ashenzari
Makhleb
Nemelex Xobeh
Okawaru
Qazlal
Wu Jian
The Shining One


Innate Abilities, Weirdness & Mutations

Your experience applies equally to all skills.
You have very sharp teeth.
Your uncanny sense of smell can sniff out nearby items.


Message History

* * * LOW HITPOINT WARNING * * *
You see here a scorpion corpse.
Casting: Foxfire (safe; 2% risk of failure)
Confirm with . or Enter, or press ? or * to list all spells.
You conjure some foxfire!
The troll closely misses you. The troll barely misses you.
The troll closely misses you.
Your foxfire dissipates!
The foxfire hits the troll but does no damage.
Casting: Foxfire (safe; 2% risk of failure)
Confirm with . or Enter, or press ? or * to list all spells.
You conjure some foxfire!
The troll barely misses you. The troll claws you!
* * * LOW HITPOINT WARNING * * *
The troll claws you!
* * * LOW HITPOINT WARNING * * *
You fade into invisibility!
The foxfire hits the troll but does no damage.
The foxfire hits the troll.
The troll is lightly wounded.
The troll bites you but does no damage. The troll claws you.
You die...

#......###.#.........######
#....).....................
#######......###..##...##.#######
..................##...##.##
#.#......#####[.[..........#
#.#......# #.......>.....#
#.#......# #.............#
#.#####.######....##...##..######
#.# #>......†T@§##...##........
..###############§........#######
####.....# #..........#.###
.......#.# #.########.#.##
.####..#.# #.#.####..(...# ######
.####..#.# #.#...........# #.....
.#.....#.# #.#.####......# #.###.
.#.##..#.###.#..........## #.# #[
.#.##..#...#.#..........####.###.


You could see a troll.

Vanquished Creatures
  Prince Ribbit (D:6)
  Eustachio (D:4)
  2 phantoms (D:4)
  An ogre (D:5)
  2 centaurs (D:5)
  Blork the orc (D:6)
  3 scorpions (D:5)
  A howler monkey (D:3)
  A bullfrog skeleton (D:5)
  3 orc priests
  3 iron imps (D:3)
  An orc wizard (D:5)
  An iguana (D:3)
  6 worker ants
  A hound zombie (D:5)
  A worker ant zombie (D:5)
  3 gnolls (D:5)
  8 adders
  A shadow imp (D:5)
  2 oozes
  An adder skeleton (D:3)
  An adder zombie (D:5)
  4 worms
  2 dart slugs (D:1)
  2 leopard geckos (D:1)
  9 orcs
  2 ball pythons
  8 bats
  5 giant cockroaches
  2 goblins
  6 hobgoblins
  7 jackals (D:1)
  9 kobolds
  2 quokkas
  A frilled lizard (D:2)
  9 rats
113 creatures vanquished.

Vanquished Creatures (others)
  271 foxfires
  18 plants (D:2)
289 creatures vanquished.

Grand Total: 402 creatures vanquished

Notes
Turn   | Place    | Note
-------+----------+-------------------------------------------
     0 | D:1      | Almogavar the Gnoll Wanderer began the quest for the Orb.
     0 | D:1      | Almogavar set off with the following items: a +2 spear, a
                  | +0 robe, a +0 dagger; and the following spells available to
                  | memorise: Foxfire, Sandblast, Conjure Flame, Stone Arrow
     0 | D:1      | Reached XP level 1. HP: 17/17 MP: 6/6
    44 | D:1      | Learned a level 1 spell: Foxfire
    79 | D:1      | Reached XP level 2. HP: 23/23 MP: 5/7
   461 | D:1      | Reached XP level 3. HP: 28/28 MP: 5/9
   468 | D:1      | Reached skill level 5 in Spellcasting
   748 | D:1      | Reached skill level 1 in Invocations
  1147 | D:2      | Found a faded altar of an unknown god.
  1303 | D:2      | Found a broken altar of Ashenzari.
  1334 | D:2      | Reached skill level 1 in Short Blades
  1334 | D:2      | Reached skill level 1 in Long Blades
  1334 | D:2      | Reached skill level 1 in Axes
  1334 | D:2      | Reached skill level 1 in Maces & Flails
  1334 | D:2      | Reached skill level 1 in Staves
  1334 | D:2      | Reached skill level 1 in Slings
  1334 | D:2      | Reached skill level 1 in Bows
  1334 | D:2      | Reached skill level 1 in Crossbows
  1334 | D:2      | Reached skill level 1 in Throwing
  1334 | D:2      | Reached skill level 1 in Armour
  1334 | D:2      | Reached skill level 1 in Dodging
  1334 | D:2      | Reached skill level 1 in Shields
  1334 | D:2      | Reached skill level 1 in Unarmed Combat
  1334 | D:2      | Reached skill level 1 in Evocations
  1339 | D:2      | Reached XP level 4. HP: 32/34 MP: 7/11
  1842 | D:3      | Reached skill level 1 in Hexes
  1842 | D:3      | Reached skill level 1 in Summonings
  1842 | D:3      | Reached skill level 1 in Necromancy
  1842 | D:3      | Reached skill level 1 in Translocations
  1842 | D:3      | Reached skill level 1 in Transmutations
  1842 | D:3      | Reached skill level 1 in Fire Magic
  1842 | D:3      | Reached skill level 1 in Ice Magic
  1842 | D:3      | Reached skill level 1 in Air Magic
  1842 | D:3      | Reached skill level 1 in Earth Magic
  1842 | D:3      | Reached skill level 1 in Poison Magic
  1898 | D:3      | Reached XP level 5. HP: 40/40 MP: 12/12
  1973 | D:3      | Found a burning altar of Makhleb.
  1995 | D:3      | Found a glowing golden altar of the Shining One.
  2138 | D:3      | Found a stormy altar of Qazlal.
  2792 | D:3      | Found a sparkling altar of Nemelex Xobeh.
  2816 | D:3      | Reached XP level 6. HP: 41/47 MP: 13/13
  3042 | D:3      | Found an iron altar of Okawaru.
  3048 | D:3      | Became a worshipper of Warmaster Okawaru
  3234 | D:3      | Reached skill level 5 in Polearms
  3889 | D:4      | Noticed Eustachio
  4210 | D:4      | Noticed a phantom
  4249 | D:4      | Killed a phantom
  4250 | D:4      | Reached XP level 7. HP: 10/52 MP: 14/15
  4376 | D:4      | Killed Eustachio
  4376 | D:4      | Reached * piety under Okawaru
  4837 | D:4      | Reached skill level 5 in Stealth
  5167 | D:5      | Entered Level 5 of the Dungeon
  5277 | D:5      | Found a staircase to the Ecumenical Temple.
  5378 | D:5      | Reached XP level 8. HP: 38/60 MP: 16/16
  5603 | D:5      | Reached ** piety under Okawaru
  6840 | D:6      | Found an ornate altar of the Wu Jian Council.
  6866 | D:6      | Noticed Blork the orc
  6885 | D:6      | Killed Blork the orc
  7131 | D:6      | Noticed Prince Ribbit
  7136 | D:6      | Noticed a troll
  7139 | D:6      | Killed Prince Ribbit
  7401 | D:5      | HP: 1/61 [troll (11)]
  7402 | D:5      | Slain by a troll

Illustrated notes

Levels and vault maps discovered:
D:1:      dpeg_arrival_round_a, layout_basic
D:2:      layout_basic, nicolae_overflow_crystal_walls,
          chequers_ecumenical_altar_simple_redux, serial_bayou_lake_a
D:3:      layout_basic, marbit_many_paths, demons_altar,
          nicolae_qazlal_general_emergency, tso_metal_star,
          nemelex_xobeh_ov_fountains_minmay, minmay_vboxes
D:4:      layout_basic, uniq_eustachio
D:5:      layout_basic, minmay_temple_entry_stoned_glass
D:6:      layout_rooms, zin_scriptorium, old_standard_altar, lemuel_round_altar,
          nicolae_overflow_hidden_temple, minmay_manual_mess,
          uniq_prince_ribbit1, uniq_blork_the_orc

Skill      XL: |  1  2  3  4  5  6  7  8 |
---------------+-------------------------+-----
Spellcasting   | 5 6 |  6.3
Invocations    | 1 2 3 4 |  4.1
Short Blades   | 1 2 3 |  3.7
Long Blades    | 1 2 3 |  3.7
Axes           | 1 2 3 |  3.7
Maces & Flails | 1 2 3 |  3.7
Staves         | 1 2 3 |  3.7
Slings         | 1 2 3 |  3.7
Bows           | 1 2 3 |  3.7
Crossbows      | 1 2 3 |  3.7
Throwing       | 1 2 3 |  3.7
Armour         | 1 2 3 |  3.7
Dodging        | 1 2 3 |  3.7
Shields        | 1 2 3 |  3.7
Unarmed Combat | 1 2 3 |  3.7
Evocations     | 1 2 3 |  3.7
Hexes          | 1 2 3 |  3.0
Summonings     | 1 2 3 |  3.0
Necromancy     | 1 2 3 |  3.0
Translocations | 1 2 3 |  3.0
Transmutations | 1 2 3 |  3.0
Fire Magic     | 1 2 3 |  3.0
Ice Magic      | 1 2 3 |  3.0
Air Magic      | 1 2 3 |  3.0
Earth Magic    | 1 2 3 |  3.0
Poison Magic   | 1 2 3 |  3.0
Fighting       | 3 4 |  4.6
Polearms       | 5 6 |  6.0
Stealth        | 5 |  5.6
Conjurations   | 6 |  6.3

Action                   |  1- 3 |  4- 6 |  7- 9 || total
-------------------------+-------+-------+-------++-------
Melee: Spear             |    74 |   245 |    92 ||   411
       Bite              |     4 |    32 |    13 ||    49
       Punch             |     1 |     1 |     1 ||     3
       Glaive            |       |       |    11 ||    11
 Cast: Foxfire           |    19 |    56 |    88 ||   163
  Use: Scroll            |     5 |     4 |     7 ||    16
       Potion            |       |     1 |     1 ||     2
 Stab: Sleeping          |     4 |     7 |     1 ||    12
       Distracted        |       |     1 |       ||     1
Armor: Robe              |     3 |       |       ||     3
       Leather armour    |    13 |    78 |    22 ||   113
Dodge: Dodged            |    25 |   156 |    75 ||   256
